Map: Jagannatha LE

Players

RayoSlayer

  • Race: Terran Terran
  • League: Master

evilPutty - Winner!

  • Race: Zerg Zerg
  • League: Bronze

VOD

Have the link to the VOD?

Description

Time

  • Played on: April 12, 2021, 11:25 p.m.
  • Length: 12:06
Show
View Real Time Build Order
Export as new Build Order

RayoSlayer Terran 

Build Orders: 2 Factory 

Get SALT Encoding   

  12  0:13  SCV  
  13  0:17  Supply Depot  
  13  0:23  Refinery  
  13  0:25  SCV  
  14  0:48  Barracks  
  14  0:57  Supply Depot  
  14  1:01  SCV  
  15  1:13  Engineering Bay  
  15  1:16  SCV  
  16  1:43  Orbital Command  
  16  1:47  Refinery  
  16  1:49  Reaper  
  17  2:02  Factory  
  17  2:09  SCV  
  18  2:33  Marine  
  19  2:43  SCV  
  20  2:54  Barracks Reactor  
  20  2:55  Factory  
  20  3:21  Factory Tech Lab  
  20  3:37  Marine x2  
  21  4:14  Factory Tech Lab  
  21  4:20  Marine x2  
  21  4:23  Terran Infantry Armor Level 1  
  23  4:27  Command Center  
  23  4:35  SCV, Starport  
  23  4:38  Marine  
  25  4:39  Siege Tank  
  28  4:47  SCV  
  30  5:00  SCV  
  30  5:12  SCV  
  30  5:13  Starport  
  31  5:22  Starport Reactor  
  31  5:28  Supply Depot  
  31  5:39  Siege Tank, SCV  
  35  5:44  Barracks  
  35  5:48  Barracks  
  35  5:52  Supply Depot  
  35  6:01  Marine x2  
  37  6:07  Siege Tank  
  40  6:16  Supply Depot  
  40  6:17  SCV  
  41  6:19  Marine  
  42  6:27  Medivac  
  42  6:29  SCV  
  42  6:30  Medivac  
  47  6:54  Barracks Tech Lab  
  47  6:56  Barracks Reactor  
  47  7:05  Planetary Fortress  
  47  7:06  Engineering Bay  
  47  7:13  Marine x2  
  47  7:14  Marine  
  50  7:16  Stimpack  
  50  7:23  Siege Tank  
  53  7:31  Marine  
  53  7:35  Starport Tech Lab  
  54  7:40  Refinery  
  54  7:42  SCV  
  55  7:48  Medivac  
  57  7:53  Medivac  
  57  7:54  SCV  
  60  8:01  Marine x2  
  60  8:03  Marauder  
  60  8:04  Marine x2  
  66  8:06  SCV  
  67  8:18  SCV  
  68  8:24  Marauder  
  70  8:56  Barracks Reactor  
  70  9:21  Supply Depot  
  70  9:22  Supply Depot  
  70  9:24  Supply Depot  
  70  9:42  Siege Tank, Medivac, SCV, Marine  
  70  9:44  Medivac  
  79  9:52  Refinery  
  79  9:54  SCV  
  80  10:00  Marine  
  80  10:05  Armory  
  81  10:10  Marine x4  
  85  10:18  Marine  
  86  10:27  Marine  
  86  10:28  Marine  
  60  10:54  Armory  
  60  10:56  Siege Tank x2  
  66  11:10  SCV  
  57  11:28  Siege Tank  
Show
View Real Time Build Order
Export as new Build Order

evilPutty Zerg - Winner!

Build Orders: Hatch First 

Get SALT Encoding   

  12  0:00  Drone  
  13  0:14  Overlord  
  13  0:22  Drone  
  14  0:34  Drone x2  
  16  0:50  Hatchery  
  16  0:52  Drone  
  16  0:56  Drone  
  17  1:00  Drone  
  18  1:17  Spawning Pool  
  17  1:18  Drone  
  18  1:27  Drone  
  19  1:36  Drone  
  20  1:41  Extractor  
  20  1:42  Drone  
  20  1:53  Overlord  
  20  2:03  Drone  
  20  2:04  Drone  
  22  2:11  Queen x2  
  22  2:14  Drone  
  22  2:15  Drone  
  28  2:24  Drone  
  28  2:25  Drone  
  30  2:37  Drone x2  
  32  2:47  Lair  
  32  2:48  Drone  
  32  2:49  Drone  
  34  2:56  Overlord  
  34  2:57  Overlord  
  34  3:07  Drone x2  
  36  3:14  Roach Warren  
  35  3:32  Drone  
  35  3:33  Drone x7  
  43  3:47  Drone x2  
  45  3:48  Extractor  
  45  3:50  Extractor  
  43  4:22  Evolution Chamber  
  42  4:24  Evolution Chamber, Queen  
  42  4:27  Roach x3  
  42  4:28  Overlord, Roach  
  42  4:29  Overlord  
  51  4:42  Extractor  
  50  4:50  Hydralisk Den, Zerg Missile Weapons Level 1  
  50  4:51  Zerg Ground Armor Level 1  
  49  5:00  Drone x4  
  53  5:07  Hatchery, Queen  
  53  5:13  Roach x5  
  64  5:22  Drone x4  
  68  5:28  Grooved Spines  
  68  5:37  Overlord x3  
  68  5:38  Overlord x2  
  68  5:54  Hatchery  
  68  5:55  Drone  
  68  6:08  Hydralisk x7  
  82  6:16  Drone x4  
  86  6:21  Glial Reconstitution  
  86  6:38  Hydralisk x3  
  92  6:40  Muscular Augments  
  92  6:45  Drone  
  92  6:46  Drone x7  
  100  6:48  Extractor  
  100  6:49  Extractor  
  98  6:58  Drone x3  
  98  6:59  Overlord  
  101  7:25  Drone x3  
  101  7:27  Drone x3  
  107  7:39  Overlord x2  
  107  7:42  Hydralisk  
  107  7:43  Hydralisk x6  
  121  7:45  Zerg Missile Weapons Level 2  
  121  8:00  Drone  
  121  8:02  Drone x3  
  121  8:03  Drone x6  
  131  8:30  Hydralisk  
  131  8:31  Hydralisk x5  
  131  8:32  Overlord x2  
  131  8:33  Overlord x6  
  143  8:42  Extractor  
  143  8:43  Extractor  
  141  8:53  Drone x6  
  147  9:09  Hydralisk x15  
  177  9:37  Hydralisk x5  
  177  9:38  Hydralisk x4  
  195  9:57  Hatchery  
  194  10:14  Hydralisk  
  194  10:15  Hydralisk x2  
  190  10:40  Hydralisk x7  
  160  12:01  Extractor  
  160  12:02  Extractor  
Tags
 
Add a new tag
Caveats
  • Supply blocks, unpowered buildings, or Contaminate may cause inaccurate times.
  • Supply counts are checked every 10 seconds.